 Dungeon Crawl Stone Soup version 0.25-a0-661-g55ea3d2053 (webtiles) character file.

Game seed: 16653057741506546370, levelgen mode: deterministic

334 kae the Insei (level 6, 0/43 HPs)
             Began as a Merfolk Transmuter on Mar 23, 2020.
             Slain by Dowan
             ... wielding a +2 dagger of venom
              (3 damage)
             ... on level 4 of the Dungeon.
             The game lasted 00:03:42 (3790 turns).

kae the Insei (Merfolk Transmuter)                  Turns: 3790, Time: 00:03:42

Health: 0/43       AC:  2    Str: 10    XL:     6   Next: 53%
Magic:  9/11       EV: 19    Int: 15    God:
Gold:   196        SH:  0    Dex: 19    Spells: 0/11 levels left

rFire    . . .     SeeInvis .     - Unarmed
rCold    . . .     Gourm    .   (shield currently unavailable)
rNeg     . . .     Faith    .   (armour currently unavailable)
rPois    x         Spirit   .   (helmet currently unavailable)
rElec    .         Reflect  .   (cloak currently unavailable)
rCorr    .         Harm     .   (gloves currently unavailable)
MR       .....                  (boots currently unavailable)
Stlth    ++........             (no amulet)
HPRegen  0.14/turn              (no ring)
MPRegen  0.12/turn              (no ring)

@: lethally poisoned (0 -> -65), spider-form (expiring), drained
A: tiny, (change form in water), (swift swim), (stealthy swim)
a: End Transformation


You were on level 4 of the Dungeon.
You were not hungry.
You were a venomous arachnid creature.
You visited 1 branch of the dungeon, and saw 4 of its levels.

You collected 196 gold pieces.

Inventory:

Missiles
 a - 23 arrows
Armour
 b - a +0 robe (melded)
 n - a +2 helmet (melded)
Jewellery
 g - an uncursed amulet of harm {unknown}
Scrolls
 e - 2 scrolls of magic mapping
 f - 2 scrolls of enchant weapon
 k - a scroll of teleportation
 l - a scroll of identify
Potions
 c - a potion of lignification {unknown}
 h - a potion of mutation {unknown}
 j - a potion of haste
Comestibles
 d - 5 rations
 m - a chunk of flesh


   Skills:
 - Level 1.1(0.2) Fighting
 - Level 2.6(1.8) Dodging
 * Level 6.0(5.0) Unarmed Combat
 + Level 3.4(2.6) Spellcasting
 + Level 4.9(4.0) Transmutations


You couldn't memorise any spells.
You knew the following spells:

 Your Spells              Type           Power        Failure   Level  Hunger
a - Beastly Appendage     Tmut           ##....       13%         1    #......
b - Sticks to Snakes      Tmut           ##......     17%         2    ###....
c - Spider Form           Tmut/Pois      #.........   50%         3    ###....
d - Blade Hands           Tmut           ##........   88%         5    ######.

Your spell library contained the following spells:

 Spells                   Type           Power        Failure   Level  Hunger
 Ice Form                 Ice/Tmut       #.......     85%         4    #####..


Dungeon Overview and Level Annotations

Branches:
Dungeon (4/15)
 Temple: D:4-7

Altars:
Ru

Annotations:
D:3 1 runed translucent door, olaf's ghost, amateur GnSu
D:4 Dowan


Message History

Dowan hits you but does no damage.
You are more poisoned.
You hit Dowan.
Dowan looks as sick as possible!
Dowan is lightly wounded.
You feel very sick. Dowan closely misses you.
You hit Dowan.
Dowan is moderately wounded.
* * * LOW HITPOINT WARNING * * *
You feel very sick.
Dowan hits you with a +2 dagger of venom.
* * * LOW HITPOINT WARNING * * *
You are more poisoned.
Dowan closely misses you.
You hit Dowan.
Dowan looks as sick as possible!
Dowan is severely wounded.
* * * LOW HITPOINT WARNING * * *
You feel very sick.
Dowan hits you with a +2 dagger of venom.
You die...

#### .....##.# .#
...######.....##.###.
##....[.......##.#..
#######......##.#.#
##...........# #...........###
##[......#.....######
######.........e.##......#
##.....####....#s###.....#
...##.## #.##...# ##e...#
####..# #.##..## #....# ##
#.## #.##..# ###.## .###.#
##.#...# #..........#
..##.#####....#.# #..........#
..##.##.....###.##...........#
..#.........# #.##...........#
....#........##.##..⌠........#


You could see Dowan.

Vanquished Creatures
  Duvessa (D:4)
  An orc wizard (D:3)
  A worker ant (D:4)
  Robin (D:3)
  5 adders
  3 worms
  5 dart slugs
  3 leopard geckos
  10 orcs
  4 giant cockroaches
  16 goblins
  10 hobgoblins
  8 jackals (D:1)
  7 kobolds
  5 bats
  4 frilled lizards (D:1)
  5 rats
89 creatures vanquished.

Notes
Turn   | Place    | Note
-------+----------+-------------------------------------------
     0 | D:1      | kae the Merfolk Transmuter began the quest for the Orb.
     0 | D:1      | Reached XP level 1. HP: 15/15 MP: 3/3
   302 | D:1      | Reached XP level 2. HP: 21/21 MP: 5/5
   469 | D:1      | HP: 1/21 [jackal (2)]
   492 | D:1      | Reached skill level 4 in Unarmed Combat
   492 | D:1      | Reached XP level 3. HP: 15/26 MP: 6/6
   866 | D:1      | Learned a level 2 spell: Sticks to Snakes
   870 | D:1      | Learned a level 3 spell: Spider Form
  1405 | D:2      | Reached XP level 4. HP: 24/32 MP: 7/7
  2099 | D:3      | Reached skill level 5 in Unarmed Combat
  2099 | D:3      | Reached XP level 5. HP: 35/37 MP: 3/9
  2112 | D:3      | HP: 1/37 [hobgoblin/+0 club (3)]
  2628 | D:3      | Noticed Robin
  2635 | D:3      | Killed Robin
  2770 | D:3      | Found a runed translucent door.
  2770 | D:3      | Noticed olaf's ghost (amateur GnSu)
  3039 | D:3      | Found a sacrificial altar of Ru.
  3580 | D:4      | Reached XP level 6. HP: 39/43 MP: 6/10
  3751 | D:4      | Learned a level 5 spell: Blade Hands
  3762 | D:4      | Noticed Duvessa
  3762 | D:4      | Noticed Dowan
  3780 | D:4      | HP: 2/43 [Dowan/+2 dagger of venom (4)]
  3782 | D:4      | Killed Duvessa
  3782 | D:4      | Reached skill level 6 in Unarmed Combat
  3790 | D:4      | Slain by Dowan

Levels and vault maps discovered:
D:1:      tarquinn_simple_flora_water_b, layout_basic
D:2:      layout_basic, first_ration
D:3:      layout_basic, overflow_temple_1_default,
          ebering_ghost_reflecting_pool, uniq_robin
D:4:      layout_rooms, gammafunk_temple_overflow_wave, serial_shops,
          kennysheep_mini, minmay_misc_feat_x, solitary_fountain, uniq_duvessa

Skill      XL: |  1  2  3  4  5  6 |
---------------+-------------------+-----
Transmutations | 3 4 |  4.9
Unarmed Combat | 4 5 6 |  6.0
Spellcasting   | 3 |  3.4
Fighting       | |  1.1
Dodging        | |  2.6

Action                   |  1- 3 |  4- 6 || total
-------------------------+-------+-------++-------
Melee: Unarmed           |   140 |   214 ||   354
       Headbutt          |     2 |       ||     2
       Punch             |     2 |       ||     2
 Cast: Beastly Appendage |     3 |       ||     3
       Spider Form       |       |     9 ||     9
  Use: Potion            |     2 |     3 ||     5
       Scroll            |     3 |     3 ||     6
 Stab: Invisible         |     4 |       ||     4
  Eat: Chunk             |     2 |    10 ||    12
Armor: Robe              |    40 |    31 ||    71
       Skin              |       |     2 ||     2
Dodge: Dodged            |   132 |   144 ||   276

Table legend:
 A = Non-vault XP
 B = Vault XP
 C = Vault XP percentage of total XP
 D = Non-vault monster count
 E = Vault monster count
 F = Vault count percentage of total count
                 A         B        C        D         E       F
            +---------+---------+-------+---------+---------+-------
      Total |     298 |     180 |  37.7 |      77 |      12 |  13.5
            +---------+---------+-------+---------+---------+-------
        D:1 |      62 |       0 |   0.0 |      34 |       0 |   0.0
        D:2 |      52 |       0 |   0.0 |      16 |       0 |   0.0
        D:3 |     126 |      33 |  20.8 |      21 |      11 |  34.4
        D:4 |      58 |     147 |  71.7 |       6 |       1 |  14.3
            +---------+---------+-------+---------+---------+-------
